 Dungeon Crawl Stone Soup version 0.23-a0-650-ga4d50d4 (webtiles) character file.

1196 Borgoz the Covert (level 8, -8/48 HPs)
             Began as a Kobold Assassin on Jan 2, 2019.
             Was an Initiate of Ashenzari.
             Mangled by an orc warrior
             ... wielding a +0 scimitar
              (19 damage)
             ... on level 5 of the Dungeon.
             The game lasted 00:22:18 (10916 turns).

Borgoz the Covert (Kobold Assassin)                Turns: 10916, Time: 00:22:19

Health: -8/48      AC:  6    Str:  8    XL:     8   Next: 72%
Magic:  8/8        EV: 15    Int: 12    God:    Ashenzari [......]
Gold:   187        SH:  0    Dex: 19    Spells: 7/7 levels left

rFire    . . .     SeeInvis .   b - +0 blowgun
rCold    . . .     Gourm    .   (shield restricted)
rNeg     . . .     Faith    .   u - +0 ring mail
rPois    .         Spirit   .   (no helmet)
rElec    .         Reflect  .   d - +0 cloak
rCorr    +         Harm     .   (no gloves)
MR       .....                  (no boots)
Stlth    ++++......             (no amulet)
HPRegen  0.16/turn              s - ring of resist corrosion
MPRegen  0.11/turn              (no ring)

@: no status effects
A: small, carnivore
a: Curse Item, Renounce Religion


You were on level 5 of the Dungeon.
You worshipped Ashenzari.
Ashenzari was noncommittal.
You were very full.

You visited 2 branches of the dungeon, and saw 7 of its levels.

You collected 187 gold pieces.

Inventory:

Hand Weapons
 a - a +0 dagger of protection
 b - a +0 blowgun (weapon)
 q - a +0 dagger of speed
Missiles
 r - 10 tomahawks
 w - 2 curare-tipped needles
 x - 2 poisoned needles (quivered)
Armour
 c - a +0 robe
 d - a +0 cloak (worn)
 u - a +0 ring mail (worn)
Jewellery
 s - a ring of resist corrosion (left hand)
Wands
 f - a wand of random effects (20)
 y - a wand of paralysis (6)
Scrolls
 h - 4 scrolls of remove curse
 j - 2 scrolls of identify {unknown}
 k - 2 scrolls of teleportation
 l - a scroll of amnesia {unknown}
 m - 4 scrolls of enchant weapon {unknown}
 o - 3 scrolls of immolation {unknown}
 p - a scroll of noise {unknown}
 t - 2 scrolls of random uselessness {unknown}
 v - a scroll of fog {unknown}
Potions
 e - a potion of degeneration {unknown}
 i - 2 potions of curing
 n - a potion of agility
 z - a potion of brilliance {unknown}
 A - a potion of heal wounds {unknown}
Comestibles
 g - 8 rations


   Skills:
 + Level 4.4 Fighting
 * Level 7.3 Short Blades
 - Level 2.1 Throwing
 + Level 2.8 Armour
 + Level 4.4 Dodging
 * Level 9.2 Stealth


You had 7 spell levels left.
You didn't know any spells.
Your spell library contained the following spells:

 Spells                   Type           Power        Failure   Level  Hunger
 Apportation              Tloc           #.....       67%         1    ##.....
 Pain                     Necr           #...         67%         1    ##.....
 Shock                    Conj/Air       #...         67%         1    ##.....
 Swiftness                Chrm/Air       #.......     82%         2    ###....
 Static Discharge         Conj/Air       #.......     96%         3    ####...
 Teleport Other           Tloc           #.......     96%         3    ####...
 Airstrike                Air            #.........   100%        4    #####..
 Force Lance              Conj/Tloc      #.......     100%        4    #####..
 Excruciating Wounds      Chrm/Necr      #.........   100%        5    ######.
 Lightning Bolt           Conj/Air       #.........   100%        5    ######.
 Simulacrum               Ice/Necr       #.........   100%        6    #######


Dungeon Overview and Level Annotations

Branches:
Dungeon (6/15)             Temple (1/1) D:5

Altars:
Ashenzari
Cheibriados
Dithmenos
Elyvilon
Fedhas
Gozag
Hepliaklqana
Kikubaaqudgha
Makhleb
Nemelex Xobeh
Okawaru
Qazlal
Ru
Sif Muna
Uskayaw
Vehumet
Wu Jian
Xom
Yredelemnul
Zin
The Shining One

Shops:
D:5 }


Innate Abilities, Weirdness & Mutations

You are small and have problems with some larger weapons.
You are carnivorous and can eat meat at any time.


Message History

Okay, then.
The orc warrior closely misses you.
Evoke which item? (* to show all) (? for menu, Esc to quit)
Aiming: Paralyse
Press: ? - help, Shift-Dir - straight line, f/p - orc warrior
Aim: an orc warrior, wielding a +0 scimitar and wearing a +0 plate armour The orc warrior resists with some effort.
Evoke which item? (* to show all) (? for menu, Esc to quit)
Aiming: Paralyse
Press: ? - help, Shift-Dir - straight line, f/p - orc warrior
Aim: an orc warrior, wielding a +0 scimitar and wearing a +0 plate armour The orc warrior resists with some effort.
The orc warrior barely misses you.
Evoke which item? (* to show all) (? for menu, Esc to quit)
Aiming: Paralyse
Press: ? - help, Shift-Dir - straight line, f/p - orc warrior
Aim: an orc warrior, wielding a +0 scimitar and wearing a +0 plate armour The orc warrior resists with some effort.
The orc warrior hits you with a +0 scimitar!!
You die...

#.#....###### #8...8....#
###.#.........#########8.>.8#...#
....+..................8...8.....
###.#....##............#888#.....
#.#....##......................
#.#....##...................... #
#.#######..........>........... #
#.# #....o................. # #.#
#.....@................ # #.#
#...................... #
#.#######...................... #
#..............................
###########......................
'................................
###########......................
'..# #.........<..(.......(. ##.#
#......................


You could see an orc warrior.

Vanquished Creatures
  Sigmund (D:3)
  An ogre (D:4)
  A centaur (D:5)
  A bullfrog (D:3)
  A water moccasin skeleton (D:4)
  2 scorpions (D:4)
  A howler monkey (D:2)
  A crimson imp (D:5)
  A centaur zombie (D:5)
  A jelly (D:5)
  An orc priest (D:5)
  A hound (D:4)
  5 orc wizards
  A bullfrog skeleton (D:5)
  2 iguanas
  A worker ant (D:4)
  A hound zombie (D:5)
  2 hound skeletons
  Robin (D:2)
  3 gnolls (D:2)
  4 adders
  A shadow imp (D:5)
  An ooze (D:3)
  An adder skeleton (D:6)
  3 worms
  2 leopard geckos (D:2)
  10 orcs
  13 goblins
  8 hobgoblins
  16 jackals
  2 quokkas
  A ball python skeleton (D:5)
  7 bats
  3 frilled lizards
  5 kobolds
  A quokka skeleton (D:4)
  8 rats
115 creatures vanquished.

Notes
Turn   | Place    | Note
-------+----------+-------------------------------------------
     0 | D:1      | Borgoz the Kobold Assassin began the quest for the Orb.
     0 | D:1      | Reached XP level 1. HP: 12/12 MP: 1/1
   402 | D:1      | Reached XP level 2. HP: 17/17 MP: 2/2
  1133 | D:2      | Reached XP level 3. HP: 22/22 MP: 3/3
  1155 | D:2      | Reached skill level 6 in Stealth
  1504 | D:2      | Reached XP level 4. HP: 14/27 MP: 4/4
  1908 | D:2      | Reached skill level 1 in Armour
  1908 | D:2      | Reached XP level 5. HP: 31/31 MP: 5/5
  2253 | D:2      | Noticed Robin
  2590 | D:2      | Killed Robin
  2969 | D:3      | Noticed Sigmund
  4000 | D:2      | Reached XP level 6. HP: 26/37 MP: 6/6
  4782 | D:4      | Reached skill level 7 in Stealth
  4850 | D:3      | Killed Sigmund
  4850 | D:3      | Reached skill level 5 in Short Blades
  4850 | D:3      | Reached XP level 7. HP: 27/41 MP: 7/7
  5903 | D:4      | Reached skill level 8 in Stealth
  7716 | D:4      | Reached XP level 8. HP: 48/48 MP: 8/8
  7896 | D:5      | Entered Level 5 of the Dungeon
  8714 | D:5      | Found Waongu's Gadget Boutique.
  8926 | D:5      | Found a staircase to the Ecumenical Temple.
  8949 | Temple   | Entered the Ecumenical Temple
  9204 | Temple   | Became a worshipper of Ashenzari the Shackled
  9258 | D:5      | Identified the Compendium of the Compass and Evil
  9682 | D:5      | Reached skill level 9 in Stealth
 10916 | D:5      | Mangled by an orc warrior

Vault maps used:
D:1:      minmay_arrival_statue_studded, grunt_decor_fettered
D:2:      minmay_tetromino_o2, uniq_robin
D:3:      uniq_sigmund
D:4:      first_ration
D:5:      minmay_temple_entry_statues, serial_shops, shop
Temple:   nicolae_temple_the_god_donut

Skill      XL: |  1  2  3  4  5  6  7  8 |
---------------+-------------------------+-----
Short Blades   | 3 4 5 6 7 |  7.3
Stealth        | 6 7 8 9 |  9.2
Dodging        | 2 3 4 |  4.4
Armour         | 1 2 |  2.8
Fighting       | 3 4 |  4.4
Throwing       | |  2.1

Action                   |  1- 3 |  4- 6 |  7- 9 || total
-------------------------+-------+-------+-------++-------
Melee: Dagger            |    53 |   364 |  1094 ||  1511
 Fire: Blowgun           |    10 |    31 |    34 ||    75
Throw: Tomahawk          |       |     3 |    11 ||    14
Evoke: Wand              |       |       |     5 ||     5
  Use: Scroll            |       |     2 |     2 ||     4
       Potion            |       |       |     1 ||     1
 Stab: Sleeping          |     7 |     9 |    10 ||    26
       Distracted        |       |     2 |     1 ||     3
       Paralysed         |       |       |     2 ||     2
  Eat: Chunk             |     8 |    12 |    19 ||    39
Armor: Robe              |    17 |    99 |    41 ||   157
       Ring mail         |       |       |   206 ||   206
Dodge: Dodged            |    57 |   280 |   491 ||   828

Table legend:
 A = Non-vault XP
 B = Vault XP
 C = Vault XP percentage of total XP
 D = Non-vault monster count
 E = Vault monster count
 F = Vault count percentage of total count
                 A         B        C        D         E       F
            +---------+---------+-------+---------+---------+-------
      Total |    1450 |     259 |  15.2 |     101 |      14 |  12.2
            +---------+---------+-------+---------+---------+-------
        D:1 |      18 |       0 |   0.0 |      12 |       0 |   0.0
        D:2 |     228 |      39 |  14.6 |      38 |      13 |  25.5
        D:3 |     146 |     220 |  60.1 |      15 |       1 |   6.2
        D:4 |     574 |       0 |   0.0 |      18 |       0 |   0.0
        D:5 |     432 |       0 |   0.0 |      13 |       0 |   0.0
        D:6 |      52 |       0 |   0.0 |       5 |       0 |   0.0
            +---------+---------+-------+---------+---------+-------
